| TOP OF THE 1ST |
|
Hillsboro Hops batting - Pitching for Rome Braves : RHP Alfredo Leiva
|
|
Pitching: RHP Alfredo Leiva
|
|
|
Batting: SHB Blaine Peters
|
0-0: Ball 1-0: Called Strike 1-1: Swinging Strike 1-2: Ball 2-2: Foul Ball, location: 2F 2-2: Strikes out swinging
|
|
Batting: RHB Brandon Joshua
|
0-0: Ball 1-0: Ball 2-0: Called Strike 2-1: Swinging Strike 2-2: Strikes out swinging
|
|
Batting: RHB Wen-hua Lei
|
0-0: Ball 1-0: Called Strike 1-1: Foul Ball, location: 2F 1-2: Ball 2-2: Strikes out looking
|
| Top of the 1st over - 0 runs, 0 hits, 0 errors, 0 left on base; Hillsboro 0 - Rome 0 |
| BOTTOM OF THE 1ST |
|
Rome Braves batting - Pitching for Hillsboro Hops : RHP Addick Huiberts
|
|
Pitching: RHP Addick Huiberts
|
|
|
Batting: RHB George Provance
|
0-0: Ball 1-0: Fly out, F8 (Flyball, 8RS, EV 89.4 MPH)
|
|
Batting: SHB Jose Melendez
|
0-0: Foul Ball, location: 2F 0-1: DOUBLE (Line Drive, 9LM, EV 113.8 MPH)
|
|
Batting: RHB Yojiro Hayashi
|
0-0: Ball 1-0: Ground out 5-3 (Groundball, 56, EV 98.8 MPH)
|
|
Batting: LHB Javier Rubio
|
0-0: Foul Ball, location: 2F 0-1: Foul Ball, location: 2F 0-2: Foul Ball, location: 2F 0-2: Ball 1-2: Foul Ball, location: 2F 1-2: Ball 2-2: Ground out 1-3 (Groundball, 13S, EV 75.6 MPH)
|
| Bottom of the 1st over - 0 runs, 1 hit, 0 errors, 1 left on base; Hillsboro 0 - Rome 0 |
| TOP OF THE 2ND |
|
Hillsboro Hops batting - Pitching for Rome Braves : RHP Alfredo Leiva
|
|
Batting: LHB Dillon Rizzuto
|
0-0: Ball 1-0: Swinging Strike 1-1: Foul Ball, location: 2F 1-2: Strikes out looking
|
|
Batting: RHB Ian Sousa
|
0-0: Called Strike 0-1: Ball 1-1: Foul Ball, location: 2F 1-2: Foul Ball, location: 2F 1-2: Ground out U3 (Groundball, 34, EV 86.2 MPH)
|
|
Batting: RHB Josh Burrows
|
0-0: Foul Ball, location: 2F 0-1: Ball 1-1: Fly out, F7 (Flyball, 78M, EV 85.6 MPH)
|
| Top of the 2nd over - 0 runs, 0 hits, 0 errors, 0 left on base; Hillsboro 0 - Rome 0 |
| BOTTOM OF THE 2ND |
|
Rome Braves batting - Pitching for Hillsboro Hops : RHP Addick Huiberts
|
|
Batting: SHB Jordan Barragan
|
0-0: Ball 1-0: Swinging Strike 1-1: Ball 2-1: Ball 3-1: Ground out 4-3 (Groundball, 4, EV 86.9 MPH)
|
|
Batting: LHB Joe Phillips
|
0-0: Ground out 5-3 (Groundball, 5, EV 104.4 MPH)
|
|
Batting: LHB Ryan Murdock
|
0-0: Ball 1-0: Fly out, F4 (Line Drive, 4, EV 75.0 MPH)
|
| Bottom of the 2nd over - 0 runs, 0 hits, 0 errors, 0 left on base; Hillsboro 0 - Rome 0 |
| TOP OF THE 3RD |
|
Hillsboro Hops batting - Pitching for Rome Braves : RHP Alfredo Leiva
|
|
Batting: LHB Ivan Cortez
|
0-0: Ball 1-0: TRIPLE (Line Drive, 89XD, EV 103.1 MPH)
|
|
Batting: RHB Jeremy Adams
|
0-0: Called Strike 0-1: Foul Ball, location: 2F 0-2: Foul Ball, location: 2F 0-2: Ball 1-2: Ball 2-2: Foul Ball, location: 2F 2-2: Foul Ball, location: 2F 2-2: Ball 3-2: Ground out U3 (Groundball, 13, EV 87.5 MPH) Ivan Cortez scores
|
|
Batting: RHB Trevor Corey
|
0-0: Ball 1-0: Ball 2-0: Ground out 1-3 (Groundball, 13S, EV 64.4 MPH)
|
|
Batting: SHB Blaine Peters
|
0-0: Called Strike 0-1: Ball 1-1: Called Strike 1-2: Ball 2-2: Strikes out swinging
|
| Top of the 3rd over - 1 run, 1 hit, 0 errors, 0 left on base; Hillsboro 1 - Rome 0 |
| BOTTOM OF THE 3RD |
|
Rome Braves batting - Pitching for Hillsboro Hops : RHP Addick Huiberts
|
|
Batting: RHB Gerard Michel
|
0-0: Ball 1-0: SINGLE (Line Drive, 34D, EV 101.9 MPH)
|
|
Batting: RHB Adrian Billups
|
0-0: Fly out, F8 (Flyball, 8LM, EV 95.0 MPH)
|
|
Batting: RHB George Provance
|
0-0: Called Strike 0-1: Foul Ball, location: 2F 0-2: Ball 1-2: Ball 2-2: Fielders Choice at 2nd, 6-4 (Groundball, 6M, EV 83.1 MPH)
|
|
Batting: SHB Jose Melendez
|
0-0: Ball George Provance steals 2nd base 1-0: Foul Ball, location: 2F 1-1: Fly out, F9 (Flyball, 9S, EV 88.1 MPH)
|
| Bottom of the 3rd over - 0 runs, 1 hit, 0 errors, 1 left on base; Hillsboro 1 - Rome 0 |
| TOP OF THE 4TH |
|
Hillsboro Hops batting - Pitching for Rome Braves : RHP Alfredo Leiva
|
|
Batting: RHB Brandon Joshua
|
0-0: Foul Ball, location: 2F 0-1: Ground out 5-3 (Groundball, 5, EV 100.6 MPH)
|
|
Batting: RHB Wen-hua Lei
|
0-0: Ball 1-0: Foul Ball, location: 2F 1-1: SINGLE (Groundball, 6D, EV 100.6 MPH)
|
|
Batting: LHB Dillon Rizzuto
|
0-0: Ball Wen-hua Lei steals 2nd base (no throw) 1-0: Called Strike 1-1: Ball Wen-hua Lei steals 3rd base (no throw) 2-1: Ball 3-1: Foul Ball, location: 2F 3-2: Strikes out looking
|
|
Batting: RHB Ian Sousa
|
0-0: Ball 1-0: Fly out, F8 (Flyball, 8LD, EV 93.1 MPH)
|
| Top of the 4th over - 0 runs, 1 hit, 0 errors, 1 left on base; Hillsboro 1 - Rome 0 |
| BOTTOM OF THE 4TH |
|
Rome Braves batting - Pitching for Hillsboro Hops : RHP Addick Huiberts
|
|
Batting: RHB Yojiro Hayashi
|
0-0: Ball 1-0: Ball 2-0: Ball 3-0: Base on Balls
|
|
Batting: LHB Javier Rubio
|
0-0: Called Strike 0-1: Fielders Choice at 2nd, 4-6 (Groundball, 34, EV 89.4 MPH)
|
|
Batting: SHB Jordan Barragan
|
0-0: Called Strike 0-1: Ball Javier Rubio steals 2nd base 1-1: Swinging Strike 1-2: Strikes out swinging
|
|
Batting: LHB Joe Phillips
|
0-0: Ball 1-0: Ball 2-0: DOUBLE (Line Drive, 9LM, EV 109.4 MPH) Javier Rubio scores
|
|
Batting: LHB Ryan Murdock
|
0-0: Ball 1-0: Fly out, F8 (Flyball, 8LD, EV 101.2 MPH)
|
| Bottom of the 4th over - 1 run, 1 hit, 0 errors, 1 left on base; Hillsboro 1 - Rome 1 |
| TOP OF THE 5TH |
|
Hillsboro Hops batting - Pitching for Rome Braves : RHP Alfredo Leiva
|
|
Batting: RHB Josh Burrows
|
0-0: Called Strike 0-1: Foul Ball, location: 2F 0-2: Ground out 1-3 (Groundball, 13S, EV 73.1 MPH)
|
|
Batting: LHB Ivan Cortez
|
0-0: Swinging Strike 0-1: Ball 1-1: Swinging Strike 1-2: Ball 2-2: Strikes out swinging
|
|
Batting: RHB Jeremy Adams
|
0-0: Ball 1-0: Called Strike 1-1: Foul Ball, location: 2F 1-2: Ball 2-2: Strikes out swinging
|
| Top of the 5th over - 0 runs, 0 hits, 0 errors, 0 left on base; Hillsboro 1 - Rome 1 |
| BOTTOM OF THE 5TH |
|
Rome Braves batting - Pitching for Hillsboro Hops : RHP Addick Huiberts
|
|
Batting: RHB Gerard Michel
|
0-0: Ball 1-0: Ball 2-0: Ball 3-0: Called Strike 3-1: Foul Ball, location: 2F 3-2: Ground out U3 (Groundball, 3L, EV 108.8 MPH)
|
|
Pitching: LHP Travis Osorio
|
|
|
Batting: RHB Adrian Billups
|
0-0: Ground out U3 (Groundball, 3L, EV 85.6 MPH)
|
|
Batting: RHB George Provance
|
0-0: Called Strike 0-1: Foul Ball, location: 2F 0-2: SINGLE (Flyball, 8RS, EV 98.1 MPH)
|
|
Batting: SHB Jose Melendez
|
0-0: Called Strike George Provance is caught stealing 2nd base 2-4
|
| Bottom of the 5th over - 0 runs, 1 hit, 0 errors, 0 left on base; Hillsboro 1 - Rome 1 |
| TOP OF THE 6TH |
|
Hillsboro Hops batting - Pitching for Rome Braves : RHP Alfredo Leiva
|
|
Batting: RHB Trevor Corey
|
0-0: Ball 1-0: Ball 2-0: Foul Ball, location: 2F 2-1: Ball 3-1: Called Strike 3-2: Strikes out looking
|
|
Batting: SHB Blaine Peters
|
0-0: Ball 1-0: Ball 2-0: Called Strike 2-1: DOUBLE (Line Drive, 9LM, EV 105.0 MPH)
|
|
Batting: RHB Brandon Joshua
|
0-0: Ball 1-0: Ball 2-0: Ball 3-0: SINGLE (Groundball, 6D, EV 111.2 MPH) Blaine Peters to third Runner from 3rd tries for Home, SAFE, throw by LF to home
|
|
Batting: RHB Wen-hua Lei
|
0-0: Called Strike Brandon Joshua steals 2nd, throwing error, E2 Brandon Joshua to third 0-1: Ball 1-1: Fly out, F7 (Flyball, 7S, EV 95.6 MPH)
|
|
Pitching: RHP Dan Spahn
|
|
|
Batting: LHB Dillon Rizzuto
|
0-0: Ball Wild Pitch! Brandon Joshua scores 1-0: Called Strike 1-1: Swinging Strike 1-2: Foul Ball, location: 2F 1-2: Ball 2-2: Strikes out swinging
|
| Top of the 6th over - 2 runs, 2 hits, 1 error, 0 left on base; Hillsboro 3 - Rome 1 |
| BOTTOM OF THE 6TH |
|
Rome Braves batting - Pitching for Hillsboro Hops : LHP Travis Osorio
|
|
Batting: SHB Jose Melendez
|
0-0: Swinging Strike 0-1: Ball 1-1: Swinging Strike 1-2: Ball 2-2: Strikes out looking
|
|
Batting: RHB Yojiro Hayashi
|
0-0: Ball 1-0: Ball 2-0: SINGLE (Line Drive, 9LS, EV 101.9 MPH)
|
|
Batting: LHB Javier Rubio
|
0-0: Ball Yojiro Hayashi steals 2nd base 1-0: Ground out U3 (Groundball, 3S, EV 70.0 MPH) Yojiro Hayashi to third
|
|
Batting: SHB Jordan Barragan
|
0-0: Ball 1-0: Ball 2-0: Ball 3-0: Called Strike 3-1: Called Strike 3-2: Foul Ball, location: 2F 3-2: Foul Ball, location: 2F 3-2: Base on Balls
|
|
Batting: LHB Joe Phillips
|
0-0: Swinging Strike 0-1: Foul Ball, location: 2F 0-2: Strikes out swinging
|
| Bottom of the 6th over - 0 runs, 1 hit, 0 errors, 2 left on base; Hillsboro 3 - Rome 1 |
| TOP OF THE 7TH |
|
Hillsboro Hops batting - Pitching for Rome Braves : RHP Dan Spahn
|
|
Batting: RHB Ian Sousa
|
0-0: Swinging Strike 0-1: Foul Ball, location: 2F 0-2: Foul Ball, location: 2F 0-2: Strikes out swinging
|
|
Batting: RHB Josh Burrows
|
0-0: Ball 1-0: Fly out, F5 (Popup, 56, EV 67.5 MPH)
|
|
Batting: LHB Ivan Cortez
|
0-0: Called Strike 0-1: Ball 1-1: Swinging Strike 1-2: Ball 2-2: Strikes out looking
|
| Top of the 7th over - 0 runs, 0 hits, 0 errors, 0 left on base; Hillsboro 3 - Rome 1 |
| BOTTOM OF THE 7TH |
|
Rome Braves batting - Pitching for Hillsboro Hops : LHP Travis Osorio
|
|
Now at 1B: Antonio Luisa
|
|
|
Batting: LHB Ryan Murdock
|
0-0: Fly out, F5 (Popup, 5SF, EV 78.1 MPH)
|
|
Batting: RHB Gerard Michel
|
0-0: SINGLE (Groundball, 56D, EV 95.0 MPH)
|
|
Batting: RHB Adrian Billups
|
0-0: Foul Ball, location: 2F 0-1: Ball 1-1: Ball 2-1: Foul Ball, location: 2F 2-2: Strikes out looking
|
|
Batting: RHB George Provance
|
0-0: Ball 1-0: Called Strike 1-1: Ball 2-1: Ball 3-1: Called Strike 3-2: Strikes out swinging
|
| Bottom of the 7th over - 0 runs, 1 hit, 0 errors, 1 left on base; Hillsboro 3 - Rome 1 |
| TOP OF THE 8TH |
|
Hillsboro Hops batting - Pitching for Rome Braves : RHP Dan Spahn
|
|
Pitching: RHP Jessie Mattei
|
|
|
Batting: RHB Jeremy Adams
|
0-0: Ball 1-0: Foul Ball, location: 2F 1-1: Ground out 6-3 (Groundball, 6, EV 82.5 MPH)
|
|
Batting: RHB Trevor Corey
|
0-0: Ground out 6-3 (Groundball, 6, EV 82.5 MPH)
|
|
Batting: SHB Blaine Peters
|
0-0: Ball 1-0: Ball 2-0: Fly out, F6 (Line Drive, 4M, EV 70.0 MPH)
|
| Top of the 8th over - 0 runs, 0 hits, 0 errors, 0 left on base; Hillsboro 3 - Rome 1 |
| BOTTOM OF THE 8TH |
|
Rome Braves batting - Pitching for Hillsboro Hops : LHP Travis Osorio
|
|
Pitching: RHP Kevin Prior
|
|
|
Batting: SHB Jose Melendez
|
0-0: Called Strike 0-1: Ground out 6-3 (Groundball, 6, EV 88.1 MPH)
|
|
Batting: RHB Yojiro Hayashi
|
0-0: SINGLE (Line Drive, 56D, EV 95.6 MPH)
|
|
Batting: LHB Javier Rubio
|
0-0: Called Strike 0-1: Ball 1-1: Called Strike Passed Ball! Yojiro Hayashi to second 1-2: Ball 2-2: Strikes out swinging
|
|
Batting: SHB Jordan Barragan
|
0-0: Ball 1-0: Foul Ball, location: 2F 1-1: Foul Ball, location: 2F 1-2: Ball 2-2: Ball 3-2: Ground out 4-3 (Groundball, 34D, EV 108.1 MPH)
|
| Bottom of the 8th over - 0 runs, 1 hit, 0 errors, 1 left on base; Hillsboro 3 - Rome 1 |
| TOP OF THE 9TH |
|
Hillsboro Hops batting - Pitching for Rome Braves : RHP Jessie Mattei
|
|
Pitching: RHP Greg Hart
|
|
|
Batting: RHB Brandon Joshua
|
0-0: Foul Ball, location: 2F 0-1: Swinging Strike 0-2: Ball 1-2: Ball 2-2: Foul Ball, location: 2F 2-2: Ball 3-2: Strikes out swinging
|
|
Batting: RHB Wen-hua Lei
|
0-0: Called Strike 0-1: Hit by Pitch
|
|
Batting: LHB Dillon Rizzuto
|
0-0: Called Strike 0-1: Ball 1-1: Called Strike 1-2: Foul Ball, location: 2F 1-2: Ball Wen-hua Lei is caught stealing 2nd base 2-6 2-2: Ground out U3 (Groundball, 3L, EV 86.9 MPH)
|
| Top of the 9th over - 0 runs, 0 hits, 0 errors, 0 left on base; Hillsboro 3 - Rome 1 |
| BOTTOM OF THE 9TH |
|
Rome Braves batting - Pitching for Hillsboro Hops : RHP Kevin Prior
|
|
Batting: LHB Joe Phillips
|
0-0: Called Strike 0-1: Ball 1-1: Ground out U3 (Groundball, 13, EV 87.5 MPH)
|
|
Batting: LHB Ryan Murdock
|
0-0: Ball 1-0: Ball 2-0: Ball 3-0: Base on Balls
|
|
Batting: RHB Gerard Michel
|
0-0: Ball 1-0: Swinging Strike 1-1: Foul Ball, location: 2F 1-2: Foul Ball, location: 2F 1-2: Ball 2-2: SINGLE (Line Drive, 78S, EV 103.1 MPH) Ryan Murdock to second
|
|
Pinch Runner at 2nd Phil Holman:
|
|
|
Pinch Hitting: RHB Tim Molchan
|
0-0: Swinging Strike 0-1: Called Strike 0-2: SINGLE (Flyball, 4D, EV 92.5 MPH) Phil Holman to third Gerard Michel to second
|
|
Batting: RHB George Provance
|
0-0: Ball 1-0: Called Strike 1-1: Grounds into fielders choice 1-2 (Groundball, 13S, EV 63.8 MPH) Gerard Michel to third Tim Molchan to second
|
|
Batting: SHB Jose Melendez
|
0-0: Fly out, F8 (Flyball, 8LM, EV 76.2 MPH)
|
| Bottom of the 9th over - 0 runs, 2 hits, 0 errors, 3 left on base; Hillsboro 3 - Rome 1 |
|